 Dungeon Crawl Stone Soup version 0.29.1-2-gbd0b4ee654 (webtiles) character file.

Game seed: 1549424870437648934

2133 croobank the Shield-Bearer (level 9, 0/69 HPs)
             Began as a Formicid Fighter on Nov 26, 2022.
             Was an Initiate of Ashenzari.
             Slain by a wyvern (1 damage)
             ... on level 7 of the Dungeon.
             The game lasted 00:21:22 (7456 turns).

croobank the Shield-Bearer (Formicid Fighter)       Turns: 7456, Time: 00:21:23

Health: 0/69       AC:  8    Str: 24    XL:     9   Next: 55%
Magic:  13/13      EV: 10    Int:  9    God:    Ashenzari [......]
Gold:   346        SH:  6    Dex: 13    Spells: 13/13 levels left

rFire   . . .      SeeInvis +   a - +3 war axe
rCold   + . .      Faith    .   c - +0 buckler
rNeg    . . .      Spirit   .   k - +1 ring mail {rC+}
rPois   .          Reflect  .   (helmet unavailable)
rElec   .          Harm     .   (no cloak)
rCorr   .          Rampage  .   (no gloves)
Will    +....                   o - +0 pair of boots
Stlth   +.........              (no amulet)
HPRegen 0.21/turn               g - ring of willpower
MPRegen 0.13/turn               (no ring)

@: no status effects
A: permanent stasis, dig shafts and tunnels, antennae 3, four strong arms
a: Dig, Shaft Self, Renounce Religion


You were on level 7 of the Dungeon.
You worshipped Ashenzari.
Ashenzari was noncommittal.
You visited 2 branches of the dungeon, and saw 8 of its levels.

You collected 390 gold pieces.
You spent 44 gold pieces at shops.

Inventory:

Hand Weapons
 a - a +3 war axe (weapon)
 b - a +0 sling
 d - a +0 scimitar
 l - a +3 whip
 m - a +2 whip of venom
Missiles
 x - 2 curare-tipped darts (quivered)
Armour
 c - a +0 buckler (worn)
 k - a +1 ring mail of cold resistance (worn)
 o - a +0 pair of boots (worn)
 p - a +0 scale mail
Jewellery
 g - a ring of willpower (left hand)
Wands
 w - a wand of iceblast (7)
Scrolls
 e - a scroll of fear
 q - 2 scrolls of immolation
 s - 2 scrolls of vulnerability
 y - a scroll of identify
Potions
 f - 2 potions of cancellation
 h - 2 potions of lignification
 i - 5 potions of curing
 j - 3 potions of mutation {unknown}
 n - 4 potions of berserk rage {unknown}
 r - a potion of flight {unknown}
 t - a potion of ambrosia {unknown}
 u - a potion of heal wounds
 v - a potion of might


   Skills:
 + Level 6.0 Fighting
 + Level 4.9 Axes
 + Level 6.0 Armour
 * Level 0.0 Dodging
 + Level 7.6 Shields
 + Level 2.7 Spellcasting
 + Level 2.9 Transmutations
 + Level 2.5 Fire Magic
 + Level 2.6 Ice Magic
 + Level 2.5 Air Magic
 + Level 3.6 Poison Magic


You had 13 spell levels left.
You didn't know any spells.
Your spell library contained the following spells:

 Spells                   Type           Power      Damage    Failure   Level
 Freeze                   Ice            20%        1d4       19%         1
 Ignite Poison            Fire/Tmut/Pois 6%         N/A       43%         3
 Frozen Ramparts          Ice            10%        1d2       50%         3
 Mephitic Cloud           Conj/Pois/Air  4%         N/A       56%         3
 Gell's Gravitas          Tloc           1%         N/A       85%         3
 Teleport Other           Tloc           1%         N/A       85%         3
 Hailstorm                Conj/Ice       3%         3d3       97%         4
 Freezing Cloud           Conj/Ice/Air   2%         6-21      100%        5
 Dispersal                Tloc           0%         N/A       100%        6


Dungeon Overview and Level Annotations

Branches:
Dungeon (7/15)             Temple (1/1) D:7

Altars:
Ashenzari
Cheibriados
Dithmenos
Elyvilon
Kikubaaqudgha
Makhleb
Qazlal
Ru
Uskayaw
Vehumet
Wu Jian
Xom
Yredelemnul
Zin
The Shining One

Shops:
D:4 (   D:7 **

Annotations:
D:7 2 transporters


Innate Abilities, Weirdness & Mutations

You cannot be hasted, slowed, berserked, paralysed or teleported.
You can dig through walls and to a lower floor.
You have a pair of large antennae on your head. (SInv)
Your four strong arms can wield two-handed weapons with a shield.


Message History

The wyvern closely misses you. You block the bullfrog's attack.
The wyvern bites you but does no damage.
You slash the orc warrior!
The orc warrior is moderately wounded.
You barely miss the wyvern. You hit the bullfrog.
You block the bullfrog's attack. The wyvern closely misses you.
The orc warrior misses you.
An orc priest comes into view. It is wielding a +2 vorpal falchion.
The bullfrog hits you but does no damage.
The wyvern bites you.
An orc warrior comes into view. It is wielding a +0 scimitar.
Found a dagger and a short sword.
The orc warrior shouts!
You hear a loud, deep croak!
The bullfrog hits you.
An orc comes into view. It is wielding a +0 halberd.
The orc priest calls upon Beogh to heal the orc warrior.
The orc warrior is healed somewhat.
The wyvern closely misses you.
The bullfrog hits you but does no damage.
You hear a shout!
The orc warrior attacks as you move away!
The orc warrior hits you with a +0 war axe!
You block the wyvern's attack.
A bullfrog comes into view.
The wyvern closely misses you.
The orc warrior attacks as you move away!
You block the orc warrior's attack.
The orc warrior drinks a potion.
The orc warrior flickers and vanishes for a moment.
The wyvern hisses menacingly.
There is a stone staircase leading down here.
The wyvern bites you! The wyvern attacks as you move away!
The wyvern bites you!
* * * LOW HITPOINT WARNING * * *
The orc priest casts a cantrip, but nothing happens.
There is a stone staircase leading up here.
The wyvern barely misses you.
The bullfrog hits you but does no damage.
The orc warrior hits you with a +0 war axe!
* * * LOW HITPOINT WARNING * * *
The wyvern bites you.
You die...

).. .. ... ♣.♣. #.
#.# { {♣.♣ #. #.#
{..♣ #. #F# #{....♣
#.###o####..#...♣.
#.#.>...##........
#.#oo....o.......#
#.@l.o...#.#####.#
#.#F.....#.# ###.##
...#......#.###.....
#.#.####.#....##.....
#.#. #.#........... #
#. #.#.......<... #.
#.#........... #.
##...#....#.
.......©....


You could see 2 orc warriors, a wyvern, 2 bullfrogs, an orc priest, an orc
wizard and an orc.

Vanquished Creatures
  Grinder (D:4)
  Eustachio (D:4)
  Menkaure (D:6)
  An ice beast (D:7)
  An orc warrior (D:7)
  A centaur (D:7)
  A phantom (D:6)
  3 necrophages
  Blork the orc (D:6)
  A gnoll sergeant (D:4)
  A scorpion (D:5)
  4 hounds
  3 jellies
  An orc priest (D:4)
  A gnoll bouda (D:6)
  4 iguanas
  Natasha (twice) (D:3)
  5 orc wizards
  11 adders
  15 gnolls
  A white imp (D:5)
  An ufetubus (D:5)
  3 worms
  8 dart slugs
  18 orcs
  9 endoplasms
  6 giant cockroaches
  12 goblins
  7 hobgoblins
  8 jackals
  3 quokkas
  9 ball pythons
  9 bats
  6 frilled lizards
  7 kobolds
  7 rats
173 creatures vanquished.

Vanquished Creatures (others)
  4 plants (D:5)
4 creatures vanquished.

Grand Total: 177 creatures vanquished

Notes
Turn   | Place    | Note
-------+----------+-------------------------------------------
     0 | D:1      | croobank the Formicid Fighter began the quest for the Orb.
     0 | D:1      | Reached XP level 1. HP: 18/18 MP: 1/1
   222 | D:1      | Reached XP level 2. HP: 23/24 MP: 2/2
   594 | D:1      | Reached XP level 3. HP: 28/29 MP: 3/3
   623 | D:1      | Found a faded altar of an unknown god.
  1251 | D:2      | Reached XP level 4. HP: 24/37 MP: 4/4
  1690 | D:2      | Reached skill level 5 in Shields
  2153 | D:2      | Reached XP level 5. HP: 37/42 MP: 5/5
  2511 | D:3      | Reached skill level 1 in Poison Magic
  2547 | D:3      | Noticed Natasha
  2551 | D:3      | Killed Natasha
  2972 | D:3      | Reached skill level 1 in Air Magic
  2972 | D:3      | Reached XP level 6. HP: 48/48 MP: 6/6
  3059 | D:3      | Noticed Natasha
  3060 | D:3      | Found a glowing silver altar of Zin.
  3064 | D:3      | Killed Natasha
  3479 | D:4      | Reached skill level 1 in Transmutations
  3485 | D:4      | Reached skill level 1 in Fire Magic
  3497 | D:4      | Found a sacrificial altar of Ru.
  3501 | D:4      | Reached skill level 1 in Ice Magic
  3506 | D:4      | Reached XP level 7. HP: 55/55 MP: 8/8
  3645 | D:4      | Found an ornate altar of the Wu Jian Council.
  3700 | D:4      | Reached skill level 1 in Spellcasting
  3800 | D:4      | Found a shadowy altar of Dithmenos.
  4035 | D:4      | Noticed Grinder
  4043 | D:4      | Killed Grinder
  4044 | D:4      | Reached skill level 6 in Shields
  4218 | D:4      | Found a hide-covered altar of Uskayaw.
  4338 | D:4      | Found Cymiug's Weapon Emporium.
  4443 | D:4      | Noticed Eustachio
  4455 | D:4      | Killed Eustachio
  4456 | D:4      | Reached XP level 8. HP: 57/61 MP: 10/10
  4810 | D:5      | Entered Level 5 of the Dungeon
  4857 | D:5      | Reached skill level 5 in Armour
  5027 | D:5      | Reached skill level 5 in Fighting
  5165 | D:5      | Found a basalt altar of Yredelemnul.
  5824 | D:6      | Noticed Menkaure
  5825 | D:6      | Noticed Blork the orc
  5833 | D:6      | Killed Blork the orc
  5836 | D:6      | Killed Menkaure
  5837 | D:6      | Reached skill level 7 in Shields
  5837 | D:6      | Reached XP level 9. HP: 17/68 MP: 10/12
  6632 | D:6      | Noticed a troll
  6646 | D:7      | Noticed a gargoyle
  6646 | D:7      | Found a burning altar of Makhleb.
  6646 | D:7      | Found a glowing golden altar of the Shining One.
  6649 | D:7      | Found a transporter.
  6669 | D:7      | Found a transporter.
  6694 | D:7      | Found a snail-covered altar of Cheibriados.
  6923 | D:7      | Found Udghut's General Store.
  6923 | D:7      | Found Pimizip's Specific Store.
  6939 | D:7      | Bought 2 curare-tipped darts for 16 gold pieces
  6939 | D:7      | Bought a scroll of identify for 28 gold pieces
  7061 | D:7      | Found a staircase to the Ecumenical Temple.
  7109 | Temple   | Entered the Ecumenical Temple
  7363 | Temple   | Became a worshipper of Ashenzari the Shackled
  7456 | D:7      | HP: 1/69 [orc warrior/+0 war axe (9)]
  7456 | D:7      | Slain by a wyvern

Illustrated notes

Levels and vault maps discovered:
D:1:      tarquinn_simple_flora_water_a, layout_loops_ring,
          chequers_ecumenical_altar_simple_redux, serial_forest,
          infiniplex_forest_split, infiniplex_forest_clump_cross,
          infiniplex_forest_straight_3, infiniplex_forest_lined_corner,
          infiniplex_forest_end_2, infiniplex_forest_lined_2,
          infiniplex_forest_lined_3
D:2:      minmay_recursive_quarters, layout_basic
D:3:      layout_basic, zin_statuary, uniq_natasha
D:4:      layout_basic, nicolae_ru_great_annihilating_truth, kennysheep_mini,
          grunt_dithmenos_smoke_and_mirrors, pf_just_have_faith, serial_shops,
          shop, kennysheep_path_1, serial_park_tiny_pond, serial_bayou_pond_e,
          uniq_eustachio, uniq_grinder
D:5:      layout_basic, old_standard_altar, guppyfry_early_lair_pool
D:6:      layout_layer_cave, nemelex_diamond_rough_becter,
          hangedman_minor_gate_pass, uniq_menkaure, uniq_blork_the_orc
D:7:      layout_loops_ring, cheibriados_altar_1, okawaru_trees_2,
          gammafunk_temple_overflow_arena, temple_doors_cd, enter_bailey_2,
          nicolae_specific_store
Temple:   nicolae_temple_bog_church

Skill      XL: |  1  2  3  4  5  6  7  8  9 |
---------------+----------------------------+-----
Shields        | 5 6 7 |  7.6
Poison Magic   | 1 2 3 |  3.6
Armour         | 4 5 6 |  6.0
Fighting       | 4 5 6 |  6.0
Air Magic      | 1 2 |  2.5
Axes           | 3 4 |  4.9
Transmutations | 1 2 |  2.9
Fire Magic     | 1 2 |  2.5
Ice Magic      | 1 2 |  2.6
Spellcasting   | 1 2 |  2.7

Action                   |  1- 3 |  4- 6 |  7- 9 || total
-------------------------+-------+-------+-------++-------
Melee: War axe           |    93 |   174 |   217 ||   484
Throw: Throwing net      |       |       |     1 ||     1
  Use: Scroll            |       |    13 |     4 ||    17
       Potion            |       |     1 |     4 ||     5
 Stab: Paralysed         |       |       |     1 ||     1
Armor: Scale mail        |    27 |       |       ||    27
       Ring mail         |    10 |    76 |   103 ||   189
Dodge: Dodged            |    56 |    95 |   119 ||   270
Block: Buckler           |    23 |    38 |    76 ||   137
